[Event "Early-Titled-Tuesday-Blitz-May-14-2024"]
[Site "Chess.com"]
[Date "2024.05.14"]
[Round "2"]
[White "GM_dmitrij"]
[Black "DumbKing75"]
[Result "1-0"]
[WhiteElo "3028"]
[BlackElo "2656"]
[TimeControl "180+1"]
[EndTime "8:15:00 PDT"]
[Termination "GM_dmitrij won by resignation"]

1. c4 Nf6 2. Nc3 g6 3. d4 d6 4. e4 Bg7 5. Be2 O-O 6. Be3 Nc6 7. d5 Ne5 8. h3 e6 9. Nf3 Nxf3+ 10. Bxf3 Nd7 11.
O-O Bxc3 12. bxc3 Nc5 13. e5 Re8 14. Qd2 exd5 15. Bg5 Qd7 16. Bf6 dxc4 17. Qh6 Ne6 18. Rfe1 d5 19. Rad1 c6 20. Rd4 1-0

[Event "Early-Titled-Tuesday-Blitz-May-14-2024"]
[Site "Chess.com"]
[Date "2024.05.14"]
[Round "2"]
[White "Actuary44"]
[Black "lluiss"]
[Result "1-0"]
[WhiteElo "2494"]
[BlackElo "2194"]
[TimeControl "180+1"]
[EndTime "8:15:04 PDT"]
[Termination "Actuary44 won by resignation"]

1. e4 c5 2. d4 cxd4 3. c3 d3 4. Bxd3 Nc6 5. f4 g6 6. Nf3 Bg7 7. O-O d6 8. Kh1 Nf6 9. Qe1 Bg4 10. Be3 O-O 11. Nbd2 a6 12. Qh4 Bxf3 13. Rxf3 Qd7 14. Rh3 Qg4 15. Qf2 Qd7 16. Be2 Ng4 17. Qh4 h5 18. Bg1 Bf6 19. Qg3 Kg7 20. Nc4 d5 21. Nb6 Qd6 22. Nxd5 e6 23. Nxf6 Nxf6 24.
e5 Ne4 25. exd6 1-0

[Event "Early-Titled-Tuesday-Blitz-May-14-2024"]
[Site "Chess.com"]
[Date "2024.05.14"]
[Round "2"]
[White "Viktoker"]
[Black "wadsy27"]
[Result "0-1"]
[WhiteElo "2320"]
[BlackElo "2604"]
[TimeControl "180+1"]
[EndTime "8:15:09 PDT"]
[Termination "wadsy27 won by resignation"]

1. d4 Nf6 2. Nf3 c5 3. c3 g6 4.
Bg5 Bg7 5. Nbd2 cxd4 6. cxd4 O-O 7. e4 d6 8. Bd3 Bg4 9. O-O Nc6 10. h3 Bxf3 11. Nxf3 Nd7 12. Be3 Rc8 13. a3 e5 14.
d5 Nd4 15. Nxd4 exd4 16. Bf4 Ne5 17. Bxe5 dxe5 18. Qb3 Qe7 19. Rac1 Bh6 20. Rc4 Rxc4 21. Bxc4 a6 22. a4 Rd8 23. Rd1 Rd7 24. Rd3 Qd6 25. a5 Kg7 26. Qa2 Rc7 27. b3 Qb4 28. g3 Rc5 29.
Qd2 Bxd2 0-1

[Event "Early-Titled-Tuesday-Blitz-May-14-2024"]
[Site "Chess.com"]
[Date "2024.05.14"]
[Round "2"]
[White "Vasily_IM"]
[Black "praveenb2002"]
[Result "0-1"]
[WhiteElo "2594"]
[BlackElo "2866"]
[TimeControl "180+1"]
[EndTime "8:15:17 PDT"]
[Termination "praveenb2002 won by resignation"]

1. d4 Nf6 2. c4 g6 3. Nc3 d5 4. Bg5 Ne4 5. Bh4 Nxc3 6. bxc3 dxc4 7. e3 Be6 8. Qb1 c5 9. Qxb7 Bd5 10. Qb5+ Qd7 11.
Rb1 Qxb5 12. Rxb5 e6 13. Bf6 Rg8 14. Nf3 Nd7 15. Bh4 a6 16. Rb2 cxd4 17. cxd4 c3 18. Rc2 Be4 0-1

[Event "Early-Titled-Tuesday-Blitz-May-14-2024"]
[Site "Chess.com"]
[Date "2024.05.14"]
[Round "2"]
[White "DonkyDonkyDonkey"]
[Black "bazar-wokzal"]
[Result "1-0"]
[WhiteElo "2909"]
[BlackElo "2615"]
[TimeControl "180+1"]
[EndTime "8:15:19 PDT"]
[Termination "DonkyDonkyDonkey won on time"]

1. d4 Nf6 2. Nc3 d5 3. Bf4 e6 4.
Nb5 Na6 5. e3 c6 6. Nc3 Bb4 7. Ne2 Ne4 8. a3 Bxc3+ 9. Nxc3 Nxc3 10. bxc3 Qa5 11. Qd2 b5 12. Bd3 Nb8 13. a4 Nd7 14.
Bd6 Nb6 15. Bb4 Qa6 16. a5 Nc4 17. Bxc4 bxc4 18. e4 dxe4 19. Qg5 c5 20. Bxc5 1-0

[Event "Early-Titled-Tuesday-Blitz-May-14-2024"]
[Site "Chess.com"]
[Date "2024.05.14"]
[Round "2"]
[White "Buzhizhebuguai"]
[Black "Azalea95"]
[Result "1-0"]
[WhiteElo "2766"]
[BlackElo "2403"]
[TimeControl "180+1"]
[EndTime "8:15:23 PDT"]
[Termination "Buzhizhebuguai won by resignation"]

1. d4 Nf6 2. f3 d5 3. Bf4 c5 4.
Nc3 a6 5. e3 Nc6 6. Qd2 cxd4 7.
exd4 Qb6 8. Nge2 Qxb2 9. Rb1 Qa3 10. g4 h6 11. h4 e6 12. Rb3 Qa5 13. Bh3 Bb4 14. Kf2 Bd7 15. a3 Bxc3 16. Nxc3 b5 17.
Qe3 Qb6 18. g5 hxg5 19. hxg5 Nh5 20. Nxd5 Qxd4 21. Nc7+ Ke7 22. Rd3 Qxf4 23. Nd5+ 1-0

[Event "Early-Titled-Tuesday-Blitz-May-14-2024"]
[Site "Chess.com"]
[Date "2024.05.14"]
[Round "2"]
[White "pirulillo"]
[Black "elcala"]
[Result "1-0"]
[WhiteElo "2437"]
[BlackElo "1840"]
[TimeControl "180+1"]
[EndTime "8:15:24 PDT"]
[Termination "pirulillo won by resignation"]

1. e4 e5 2. Bc4 Nc6 3. d3 Bc5 4. Nc3 Nf6 5. f4 exf4 6. Bxf4 h6 7. Nf3 O-O 8. Qd2 d6 9. O-O-O Bg4 10. Rdf1 Nd4 11.
Nxd4 Bxd4 12. Ne2 Be5 13. Ng3 Nh5 14. Nxh5 Bxh5 15. Bxh6 gxh6 16. Qxh6 Bg6 17. Qxg6+ Bg7 18. Rxf7 Rxf7 19. Bxf7+ Kh8 20. Qh5+ 1-0

[Event "Early-Titled-Tuesday-Blitz-May-14-2024"]
[Site "Chess.com"]
[Date "2024.05.14"]
[Round "2"]
[White "TreinadorBR"]
[Black "MasterKroket"]
[Result "0-1"]
[WhiteElo "2314"]
[BlackElo "2545"]
[TimeControl "180+1"]
[EndTime "8:15:25 PDT"]
[Termination "MasterKroket won by resignation"]

1. e4 e5 2. Nf3 Nc6 3. Bc4 Bc5 4.
c3 Nf6 5. d3 a6 6. Bb3 h6 7.
Nbd2 O-O 8. h3 d5 9. Qe2 Be6 10. Nf1 Qd7 11. Ng3 Rad8 12. Bc2 b5 13. O-O dxe4 14. Nxe4 Nxe4 15. Qxe4 Bd5 16. Nxe5 Qe6 17. Qg4 Nxe5 18. Qg3 Bd6 19. Bf4 Ng6 20. Bxd6 Qxd6 21. Qxd6 Rxd6 22. d4 Nf4 23. Rfe1 Rdd8 24. g3 Nxh3+ 25.
Kf1 Rde8 26. a4 Ng5 27. axb5 axb5 28. Ra7 Bg2+ 29. Kxg2 Rxe1 30. Rxc7 Re2 0-1

[Event "Early-Titled-Tuesday-Blitz-May-14-2024"]
[Site "Chess.com"]
[Date "2024.05.14"]
[Round "2"]
[White "viktorskliarov"]
[Black "tarno17"]
[Result "1-0"]
[WhiteElo "2678"]
[BlackElo "2169"]
[TimeControl "180+1"]
[EndTime "8:15:29 PDT"]
[Termination "viktorskliarov won by checkmate"]

1. e4 c5 2. Nf3 e6 3. c3 d5 4. e5 Nc6 5. d4 Qc7 6. a3 a6 7. Bd3 b5 8. O-O Bb7 9. Be3 c4 10. Bc2 a5 11. Ng5 h6 12. Qh5 b4 13. axb4 axb4 14.
Rxa8+ Bxa8 15. Nxf7 Nge7 16. Nd6+ Kd7 17. Qe8# 1-0

[Event "Early-Titled-Tuesday-Blitz-May-14-2024"]
[Site "Chess.com"]
[Date "2024.05.14"]
[Round "2"]
[White "lefonghua"]
[Black "ilqar_74"]
[Result "1-0"]
[WhiteElo "2602"]
[BlackElo "2836"]
[TimeControl "180+1"]
[EndTime "8:15:30 PDT"]
[Termination "lefonghua won by resignation"]

1. d4 Nf6 2. c4 g6 3. Nc3 d6 4. e4 Bg7 5. f4 O-O 6. Nf3 c5 7. d5 e6 8. Be2 exd5 9. cxd5 Re8 10. Nd2 a6 11. a4 Nbd7 12. O-O b6 13. Kh1 Bb7 14. Bf3 Qc7 15. Nc4 Rab8 16. Re1 Rbc8 17.
e5 dxe5 18. d6 Bxf3 19. Qxf3 Qc6 20. fxe5 Nxe5 21. Nxe5 Nd7 22. Qxf7+ Kh8 23. Nxg6+ hxg6 24. Rxe8+ Rxe8 25. Qxe8+ Kh7 26. Bf4 b5 27. axb5 axb5 28. Ra7 1-0

[Event "Early-Titled-Tuesday-Blitz-May-14-2024"]
[Site "Chess.com"]
[Date "2024.05.14"]
[Round "2"]
[White "Nasrin_Babayeva"]
[Black "DACF2905"]
[Result "0-1"]
[WhiteElo "1927"]
[BlackElo "2445"]
[TimeControl "180+1"]
[EndTime "8:15:30 PDT"]
[Termination "DACF2905 won by resignation"]

1. c4 e5 2. g3 Nf6 3. Bg2 c6 4. Nf3 e4 5. Nd4 d5 6. d3 Bc5 7.
Nb3 Bb4+ 8. Bd2 Bxd2+ 9. Qxd2 dxc4 10. dxc4 O-O 11. O-O Be6 12. Qc2 Bf5 13. e3 Na6 14.
N1d2 Nb4 15. Qc3 Nd3 16. h3 h5 17. Rad1 Qe7 18. Nd4 Bg6 19. Kh2 Rad8 20. f3 h4 21. Nxe4 Nxe4 22. fxe4 hxg3+ 23. Kg1 Nf2 24. Rd2 c5 25.
Nf5 Bxf5 26. exf5 Rxd2 27. Qxd2 Rd8 28. Qe2 Rd3 29. e4 Qe5 30. b3 Qd4 0-1

[Event "Early-Titled-Tuesday-Blitz-May-14-2024"]
[Site "Chess.com"]
[Date "2024.05.14"]
[Round "2"]
[White "HeroWilczek"]
[Black "OparinGrigoriy"]
[Result "0-1"]
[WhiteElo "2540"]
[BlackElo "2976"]
[TimeControl "180+1"]
[EndTime "8:15:31 PDT"]
[Termination "OparinGrigoriy won by resignation"]

1. e4 c6 2. Nc3 d5 3. Qf3 dxe4 4. Nxe4 Nf6 5. Bc4 Nbd7 6. d4 Nb6 7. Nxf6+ exf6 8. Qe3+ Be7 9. Bb3 O-O 10. Ne2 a5 11. a3 a4 12. Ba2 Re8 13. Qg3 Bf5 14. O-O Bxc2 15. Be3 Bd6 16. Qh3 Qc8 17. Qh4 Bg6 18.
Rac1 Qf5 19. Ng3 Qb5 20. Qg4 Qxb2 21. Bb1 Nd5 22. Nf5 Bf8 23. h4 Qxa3 24. Rfe1 Bxf5 25. Bxf5 Nxe3 26. fxe3 Rxe3 27. Bb1 Rae8 28. Rf1 Qd6 29.
h5 Rg3 30. Qf5 g6 31. hxg6 hxg6 32. Qxf6 Qxf6 33. Rxf6 Bg7 34. Rf4 Bh6 0-1

[Event "Early-Titled-Tuesday-Blitz-May-14-2024"]
[Site "Chess.com"]
[Date "2024.05.14"]
[Round "2"]
[White "Jospem"]
[Black "bennyficial"]
[Result "1-0"]
[WhiteElo "2987"]
[BlackElo "2144"]
[TimeControl "180+1"]
[EndTime "8:15:36 PDT"]
[Termination "Jospem won by resignation"]

1. e4 c5 2. Nf3 g6 3. c3 Bg7 4.
d4 cxd4 5. cxd4 d6 6. h3 Nf6 7. Nc3 O-O 8. Bd3 Nc6 9. O-O e5 10. d5 Ne7 11. Bg5 Ne8 12. Rc1 a6 13. Qb3 Rb8 14.
Be3 b5 15. a3 Bd7 16. Na2 f5 17.
Nb4 a5 18. Nc6 Bxc6 19. dxc6+ Kh8 20. Ng5 a4 21. Nf7+ Rxf7 22. Qxf7 f4 23. Ba7 Ra8 24.
c7 Nxc7 25. Bb6 Rc8 26. Rc2 1-0

[Event "Early-Titled-Tuesday-Blitz-May-14-2024"]
[Site "Chess.com"]
[Date "2024.05.14"]
[Round "2"]
[White "RandomNoob04"]
[Black "Eliwood44"]
[Result "1-0"]
[WhiteElo "2752"]
[BlackElo "2462"]
[TimeControl "180+1"]
[EndTime "8:15:37 PDT"]
[Termination "RandomNoob04 won by resignation"]

1. e4 e5 2. d4 exd4 3. Qxd4 Nc6 4. Qe3 Nf6 5. e5 Ng4 6. Qe4 d5 7. exd6+ Be6 8. Ba6 Qc8 9. Qxc6+ bxc6 10. Bxc8 Rxc8 11. dxc7 Bc5 12. Nh3 O-O 13. Bf4 Nf6 14. O-O Nd5 15. Bg3 Bxh3 16. gxh3 Bd4 17. c3 Bf6 18. Nd2 Nxc7 19. Ne4 Nd5 20. c4 Nb4 21. Nxf6+ gxf6 22. Bd6 Nc2 23. Bxf8 Nxa1 24. Bh6 Nc2 25.
Kh1 Kh8 26. Rd1 Rg8 27. a3 Rg6 28. Rd8+ Rg8 29. Rd1 Rg6 30. Bf4 c5 31. Bd6 Nd4 32. Bxc5 Nf3 33. Be3 a6 34. c5 Rg8 35. c6 Rc8 36.
Bh6 Ne5 37. c7 Nc6 38. Rd7 Kg8 39. b4 f5 40. a4 f6 41. b5 axb5 42. axb5 Ne5 43.
Rd8+ 1-0

[Event "Early-Titled-Tuesday-Blitz-May-14-2024"]
[Site "Chess.com"]
[Date "2024.05.14"]
[Round "2"]
[White "Arhan_Anand"]
[Black "snowlord"]
[Result "0-1"]
[WhiteElo "2621"]
[BlackElo "2930"]
[TimeControl "180+1"]
[EndTime "8:15:38 PDT"]
[Termination "snowlord won by resignation"]

1. d4 d6 2. e4 Nf6 3. Nc3 c6 4. a4 Qa5 5. Bd3 e5 6. Ne2 Nbd7 7. O-O Be7 8. Kh1 O-O 9. f4 b5 10. Be3 b4 11. Nb1 c5 12. dxe5 dxe5 13. Nd2 exf4 14.
Nxf4 Ne5 15. Nc4 Qc7 16. Nd5 Nxd5 17. exd5 Nxc4 18. Bxc4 Qe5 19. Bf4 Qxb2 20. d6 Bf6 21. Qd5 Be6 22. Qe4 Qd4 23. Qxd4 Bxd4 24. Bxe6 fxe6 25.
Rae1 Rad8 26. Bg5 Rxf1+ 27. Rxf1 Bf6 28. Bxf6 gxf6 29. Rxf6 Rxd6 30. h3 Rd2 31. Rxe6 Rxc2 32. Ra6 b3 0-1

[Event "Early-Titled-Tuesday-Blitz-May-14-2024"]
[Site "Chess.com"]
[Date "2024.05.14"]
[Round "2"]
[White "Ariadna_Atreides"]
[Black "Aleksandar-Topalov"]
[Result "1-0"]
[WhiteElo "2243"]
[BlackElo "2488"]
[TimeControl "180+1"]
[EndTime "8:15:39 PDT"]
[Termination "Ariadna_Atreides won by checkmate"]

1. d4 e6 2. Nf3 Nf6 3. e3 Be7 4. Bd3 O-O 5. O-O b6 6. e4 d6 7. c3 Nbd7 8. Re1 Bb7 9. a4 a6 10.
b4 e5 11. Qc2 Re8 12. Nbd2 Bf8 13. Nf1 exd4 14. cxd4 d5 15. e5 Bxb4 16. Bd2 Bxd2 17. N1xd2 Nh5 18. Bxh7+ Kh8 19. Bf5 c5 20. e6 fxe6 21. Bg6 Nf4 22. Bxe8 Qxe8 23. Ng5 cxd4 24. Qh7# 1-0

[Event "Early-Titled-Tuesday-Blitz-May-14-2024"]
[Site "Chess.com"]
[Date "2024.05.14"]
[Round "2"]
[White "TERMINATOR_PC"]
[Black "Dedic8"]
[Result "0-1"]
[WhiteElo "2606"]
[BlackElo "2896"]
[TimeControl "180+1"]
[EndTime "8:15:45 PDT"]
[Termination "Dedic8 won by resignation"]

1. e4 e5 2. Nf3 Nc6 3. Bc4 Nf6 4. d3 Be7 5. O-O O-O 6. Re1 d6 7. a4 Be6 8. Nbd2 h6 9. h3 Qd7 10. Nf1 Bxc4 11. dxc4 a5 12. b3 Rfe8 13. Ng3 Bf8 14.
Be3 b6 15. Qd2 Kh7 16. Rad1 Rad8 17. Qe2 Qe6 18. Nh2 g6 19. h4 Bg7 20. h5 Rf8 21.
Bc1 Nd4 22. Qd3 Nxh5 23. Nxh5 gxh5 24. f4 exf4 25. Bxf4 Qg6 26. Rf1 f5 27. exf5 Rxf5 28.
Rf2 Rdf8 29. Rdf1 Rxf4 0-1

[Event "Early-Titled-Tuesday-Blitz-May-14-2024"]
[Site "Chess.com"]
[Date "2024.05.14"]
[Round "2"]
[White "Beltraxtor"]
[Black "JacksterThePro"]
[Result "0-1"]
[WhiteElo "2731"]
[BlackElo "2463"]
[TimeControl "180+1"]
[EndTime "8:15:53 PDT"]
[Termination "JacksterThePro won by resignation"]

1. e4 c5 2. Nf3 d6 3. c3 Nf6 4. h3 Nc6 5. Bd3 e5 6. Bc2 d5 7. exd5 Qxd5 8. Qe2 Be7 9. d3 Bf5 10. Nbd2 O-O-O 11. Nc4 e4 12. dxe4 Bxe4 13. Bxe4 Nxe4 14. Bf4 g5 15. Bh2 Rhe8 16. O-O Bf6 17. Ne3 Qe6 18.
Rad1 h5 19. g4 hxg4 20. hxg4 Qxa2 21. Rxd8+ Rxd8 22. Nc4 Nxc3 23. Qc2 Qxc4 24. bxc3 Qxg4+ 0-1

[Event "Early-Titled-Tuesday-Blitz-May-14-2024"]
[Site "Chess.com"]
[Date "2024.05.14"]
[Round "2"]
[White "xasid81"]
[Black "the_chess_child"]
[Result "0-1"]
[WhiteElo "2592"]
[BlackElo "2859"]
[TimeControl "180+1"]
[EndTime "8:15:55 PDT"]
[Termination "the_chess_child won by resignation"]

1. Nf3 Nf6 2. d4 g6 3. g3 Bg7 4. Bg2 O-O 5. O-O d6 6. b3 c5 7.
Bb2 cxd4 8. Nxd4 d5 9. Nd2 e5 10. N4f3 e4 11. Nd4 Nc6 12. Nxc6 bxc6 13. e3 Bg4 14.
Qc1 h5 15. h3 Bf5 16. c4 Qd7 17. Kh2 Rfe8 18. Qc2 h4 19. Rac1 Rac8 20. Bd4 Qd6 21.
cxd5 cxd5 22. Qb2 hxg3+ 23. fxg3 Nh5 24. Bxg7 Qxg3+ 25. Kg1 Qxe3+ 26. Kh1 0-1

[Event "Early-Titled-Tuesday-Blitz-May-14-2024"]
[Site "Chess.com"]
[Date "2024.05.14"]
[Round "2"]
[White "PapaieDudu"]
[Black "lcmil"]
[Result "1-0"]
[WhiteElo "2382"]
[BlackElo "2591"]
[TimeControl "180+1"]
[EndTime "8:15:56 PDT"]
[Termination "PapaieDudu won by resignation"]

1. e4 c5 2. Nf3 d6 3. d4 cxd4 4. Nxd4 Nf6 5. Nc3 g6 6. f3 Bg7 7. Be3 O-O 8. Qd2 Nc6 9. O-O-O Bd7 10. Kb1 Rc8 11. g4 Ne5 12. h4 Qa5 13. Nd5 Qxd2 14. Nxe7+ Kh8 15. Bxd2 Rce8 16. Nd5 Nxd5 17. exd5 Nxg4 18.
fxg4 Bxd4 19. Bh6 Bxg4 20. Rxd4 Re1+ 21. Bc1 Bf3 22. Rg1 Rfe8 23. Rf4 Rd1 24. Bb5 Rxg1 25. Bxe8 Bxd5 26. Bxf7 Bc6 27. Bc4 d5 28. Bd3 Kg7 29. c4 dxc4 30. Rxc4 Rd1 31. Bc2 Rh1 32. Be4 Bxe4+ 33. Rxe4 Kf6 34. Kc2 Kf5 35. Rb4 b6 36. Bg5 Rh2+ 37. Kb3 Rh3+ 38. Ka4 Rd3 39. a3 Rd5 40.
Rb5 Rxb5 41. Kxb5 1-0

[Event "Early-Titled-Tuesday-Blitz-May-14-2024"]
[Site "Chess.com"]
[Date "2024.05.14"]
[Round "2"]
[White "esrosenberg"]
[Black "Meri-Arabidze"]
[Result "0-1"]
[WhiteElo "2341"]
[BlackElo "2713"]
[TimeControl "180+1"]
[EndTime "8:15:57 PDT"]
[Termination "Meri-Arabidze won by resignation"]

1. e4 c5 2. Nc3 Nc6 3. f4 e6 4.
Nf3 a6 5. g3 d5 6. Bg2 g6 7.
O-O Bg7 8. d3 Nge7 9. f5 exf5 10.
exd5 Nb4 11. Bg5 f6 12. Be3 b6 13. d6 Qxd6 14. Nd2 Nbd5 15. Nxd5 Nxd5 16. Nc4 Qd8 17. Bxd5 Qxd5 18. Nxb6 Qc6 19. Nxa8 Bb7 20. Nc7+ Qxc7 21. Bf4 Qc6 22. Re1+ Kf7 0-1

[Event "Early-Titled-Tuesday-Blitz-May-14-2024"]
[Site "Chess.com"]
[Date "2024.05.14"]
[Round "2"]
[White "NewBornNow"]
[Black "omer1997"]
[Result "0-1"]
[WhiteElo "2750"]
[BlackElo "2536"]
[TimeControl "180+1"]
[EndTime "8:15:58 PDT"]
[Termination "omer1997 won by resignation"]

1. e4 e5 2. Nf3 Nf6 3. Nc3 Nc6 4.
Bb5 Nd4 5. Bc4 Nxf3+ 6. gxf3 g6 7. d4 exd4 8. Qxd4 Bg7 9. Bg5 h6 10. Bh4 d6 11. O-O-O g5 12. Bg3 Nh5 13. Qd2 Be6 14. Bxe6 fxe6 15. h4 Qe7 16. hxg5 hxg5 17. Nb5 a6 18.
Qa5 O-O-O 19. Nd4 Bxd4 20. Rxd4 Nxg3 21. Rxh8 Ne2+ 22. Kd2 Nxd4 0-1

[Event "Early-Titled-Tuesday-Blitz-May-14-2024"]
[Site "Chess.com"]
[Date "2024.05.14"]
[Round "2"]
[White "saikrishnaReturns"]
[Black "Raskolnikov6"]
[Result "0-1"]
[WhiteElo "2798"]
[BlackElo "2431"]
[TimeControl "180+1"]
[EndTime "8:16:00 PDT"]
[Termination "Raskolnikov6 won by resignation"]

1. d4 d5 2. c4 dxc4 3. e3 Nf6 4. Bxc4 e6 5. Nf3 c5 6. Nc3 a6 7. O-O Nbd7 8. a4 b6 9. d5 exd5 10. Nxd5 Bd6 11. e4 Bb7 12. Bg5 Ne5 13. Bxf6 gxf6 14.
Nh4 Nxc4 15. Nf5 Be5 16. Qg4 Bxd5 17. exd5 Nd6 18. Rae1 Nxf5 19. f4 Qxd5 20. fxe5 Qd4+ 21. Qxd4 Nxd4 22. exf6+ Ne6 0-1

[Event "Early-Titled-Tuesday-Blitz-May-14-2024"]
[Site "Chess.com"]
[Date "2024.05.14"]
[Round "2"]
[White "Tigranpatagonian"]
[Black "AlexPapasimakopoulos"]
[Result "1-0"]
[WhiteElo "2390"]
[BlackElo "2607"]
[TimeControl "180+1"]
[EndTime "8:16:01 PDT"]
[Termination "Tigranpatagonian won by checkmate"]

1. d4 Nf6 2. c4 e6 3. Nc3 Bb4 4.
e3 c5 5. Bd3 Nc6 6. Nf3 Bxc3+ 7.
bxc3 d6 8. O-O e5 9. Nd2 O-O 10.
Re1 Re8 11. d5 Ne7 12. f4 exf4 13. exf4 Bg4 14. Nf3 g6 15. f5 Bxf5 16. Bg5 Bxd3 17. Qxd3 Nf5 18. Rxe8+ Qxe8 19. Bxf6 Qa4 20. g4 Ng7 21. Re1 b5 22. Re4 bxc4 23. Qe3 Qxa2 24. Qh6 Qb1+ 25. Re1 Qxe1+ 26. Nxe1 Ne8 27. g5 a5 28. Nc2 a4 29. Na3 Ra7 30. Qh3 Ra8 31.
Nxc4 h5 32. Na3 Rb8 33. Qd7 h4 34. Qxa4 h3 35. Qh4 Nxf6 36. gxf6 Rb3 37. Qh6 Rxa3 38. Qg7# 1-0

[Event "Early-Titled-Tuesday-Blitz-May-14-2024"]
[Site "Chess.com"]
[Date "2024.05.14"]
[Round "2"]
[White "ReadySkate"]
[Black "average_trans"]
[Result "1/2-1/2"]
[WhiteElo "2709"]
[BlackElo "2353"]
[TimeControl "180+1"]
[EndTime "8:16:03 PDT"]
[Termination "Game drawn by repetition"]

1. d4 c6 2. c4 d5 3. Nf3 dxc4 4.
a4 Nd7 5. Nc3 e5 6. dxe5 Bb4 7. e3 Ne7 8. Bxc4 O-O 9. O-O Nb6 10. Bxf7+ Kxf7 11. Qb3+ Nbd5 12. Nxd5 Nxd5 13. e4 a5 14. Rd1 h6 15. exd5 cxd5 16. Be3 Be6 17. Nd4 Rc8 18. Nxe6 Kxe6 19. Rd3 Qd7 20. Rad1 Rfd8 21. Bb6 Qc6 22. Bxd8 Rxd8 23. Rg3 g5 24.
Qd3 Kxe5 25. Re3+ Kd6 26. Qg6+ Kc7 27. Re6 Qc5 28. Qxh6 Rf8 29. Qg7+ Kb8 30. Qd4 Qc2 31. Kh1 Rxf2 32. Re8+ Kc7 33. Qe5+ Kb6 34. Qd4+ Kc7 35.
Qg7+ Kb6 36. Qd4+ Kc7 1/2-1/2

[Event "Early-Titled-Tuesday-Blitz-May-14-2024"]
[Site "Chess.com"]
[Date "2024.05.14"]
[Round "2"]
[White "Larina_Maria"]
[Black "Flameboard08"]
[Result "1-0"]
[WhiteElo "2399"]
[BlackElo "2719"]
[TimeControl "180+1"]
[EndTime "8:16:05 PDT"]
[Termination "Larina_Maria won by checkmate"]

1. e4 b6 2. d4 Bb7 3. Bd3 e6 4.
Qe2 Nf6 5. Nf3 d5 6. e5 Ne4 7. Nbd2 Nxd2 8. Bxd2 a5 9. a4 Ba6 10. O-O Bxd3 11. Qxd3 Be7 12. c4 dxc4 13. Qxc4 O-O 14.
Be3 c6 15. Nd2 Qd7 16. Ne4 Qd5 17. Qc2 Na6 18. Nc3 Qd7 19. Qe4 Nb4 20. Rac1 Kh8 21. Rfd1 Rac8 22. h4 Nd5 23. h5 h6 24. Qg4 Rcd8 25.
Ne4 Nxe3 26. fxe3 Qd5 27. Rf1 Qb3 28. Rc3 Qxa4 29. Nf6 gxf6 30. exf6 Bd6 31. Qg7# 1-0

[Event "Early-Titled-Tuesday-Blitz-May-14-2024"]
[Site "Chess.com"]
[Date "2024.05.14"]
[Round "2"]
[White "th3d4rkness"]
[Black "YouShallNotPass001"]
[Result "1-0"]
[WhiteElo "2185"]
[BlackElo "2532"]
[TimeControl "180+1"]
[EndTime "8:16:06 PDT"]
[Termination "th3d4rkness won by checkmate"]

1. e4 Nf6 2. e5 Ne4 3. d3 Nc5 4. d4 Ne6 5. f4 c5 6. d5 Nc7 7. c4 d6 8. Nf3 e6 9. Nc3 Be7 10. Be2 O-O 11. O-O Nd7 12. Be3 Nb6 13. dxe6 Bxe6 14. b3 d5 15. cxd5 Nbxd5 16. Bd2 Nxc3 17. Bxc3 Nd5 18. Bd2 Qb6 19. Kh1 Rad8 20. Qe1 f5 21.
Ba5 Qc6 22. Bxd8 Rxd8 23. Bc4 Nxf4 24. Bxe6+ Nxe6 25. Rd1 Rxd1 26. Qxd1 g6 27. h3 h5 28.
Qd2 Kg7 29. Rd1 Qe4 30. Qd7 Kf7 31. Rd6 Nf4 32. Rf6+ Kg8 33. Qe8+ Kg7 34. Qxe7+ Kh6 35. Qf8+ Kh7 36. Rf7# 1-0

[Event "Early-Titled-Tuesday-Blitz-May-14-2024"]
[Site "Chess.com"]
[Date "2024.05.14"]
[Round "2"]
[White "VerdeNotte"]
[Black "karinachess1"]
[Result "1-0"]
[WhiteElo "2880"]
[BlackElo "2601"]
[TimeControl "180+1"]
[EndTime "8:16:08 PDT"]
[Termination "VerdeNotte won by resignation"]

1. Nf3 Nf6 2. g3 e6 3. Bg2 d5 4. O-O Be7 5. b3 O-O 6. Bb2 b6 7. c4 Bb7 8. d4 dxc4 9. bxc4 c5 10. d5 exd5 11. Nh4 Na6 12. Nc3 Nc7 13. Nf5 Rb8 14. cxd5 Bd6 15. Qd2 Nce8 16. e4 Bc8 17. Nxd6 Nxd6 18. e5 Nc4 19. Qe2 Nxb2 20. exf6 1-0

[Event "Early-Titled-Tuesday-Blitz-May-14-2024"]
[Site "Chess.com"]
[Date "2024.05.14"]
[Round "2"]
[White "ChristopherYoo"]
[Black "ansko1999"]
[Result "1-0"]
[WhiteElo "3003"]
[BlackElo "2653"]
[TimeControl "180+1"]
[EndTime "8:16:12 PDT"]
[Termination "ChristopherYoo won by resignation"]

1. e4 c5 2. Nf3 Nf6 3. e5 Nd5 4. Nc3 e6 5. Ne4 Nc6 6. c4 f5 7. cxd5 fxe4 8. dxc6 exf3 9. Qxf3 dxc6 10. Bd3 g6 11.
O-O Bg7 12. Re1 Qd5 13. Be4 Qd4 14. Bxc6+ bxc6 15. Qxc6+ Bd7 16. Qxa8+ Ke7 17. Qxa7 Rf8 18. Rf1 Bxe5 19. d3 Bb8 20. Bg5+ Kf7 21. Qb7 Kg8 22. g3 Qd6 23. Rae1 Bc6 24. Qe7 Qxe7 25. Bxe7 Re8 26. Bxc5 Bd5 27. b3 Rc8 28. d4 1-0

[Event "Early-Titled-Tuesday-Blitz-May-14-2024"]
[Site "Chess.com"]
[Date "2024.05.14"]
[Round "2"]
[White "guillembaches"]
[Black "miragha_yev"]
[Result "0-1"]
[WhiteElo "2568"]
[BlackElo "2825"]
[TimeControl "180+1"]
[EndTime "8:16:16 PDT"]
[Termination "miragha_yev won on time"]

1. d4 Nf6 2. Nf3 c5 3. d5 b5 4.
Bg5 Qb6 5. Bxf6 Qxf6 6. c3 d6 7. e4 a6 8. a4 b4 9. Qb3 Nd7 10. cxb4 cxb4 11. Qxb4 Rb8 12. Qc3 g6 13. Qxf6 Nxf6 14.
Nbd2 Rxb2 15. Rc1 Rb8 16. Bd3 Bh6 17. O-O O-O 18. Rc7 Bd7 19. Bxa6 Bxa4 20. Rxe7 Rb6 21. Bd3 Rb4 22. Nc4 Bb5 23. Rb7 Bxc4 24. Rxb4 Bxd3 25. Ra1 Bxe4 26. Ra6 Bxf3 27. gxf3 Nxd5 28. Rd4 Nf4 29. Raxd6 Ne2+ 0-1

[Event "Early-Titled-Tuesday-Blitz-May-14-2024"]
[Site "Chess.com"]
[Date "2024.05.14"]
[Round "2"]
[White "dennisodessa"]
[Black "Karina_Ivanova"]
[Result "1-0"]
[WhiteElo "2506"]
[BlackElo "2231"]
[TimeControl "180+1"]
[EndTime "8:16:16 PDT"]
[Termination "dennisodessa won by checkmate"]

1. d4 Nf6 2. c4 e6 3. Nc3 Bb4 4. Qc2 c5 5. dxc5 Bxc5 6. Nf3 Qc7 7. Bg5 a6 8. e3 Be7 9. Be2 b6 10. O-O Bb7 11. Rac1 d6 12. Rfd1 Nbd7 13. b3 O-O 14. Nd4 Rac8 15. Bf3 Rfd8 16. h3 Qb8 17. Qe2 Ne5 18.
Bxb7 Qxb7 19. f4 Nc6 20. Qf3 Qa8 21. Nxc6 Qxc6 22. Ne4 Nxe4 23. Bxe7 Rd7 24. Bh4 f5 25. g4 g6 26. Kh2 b5 27. gxf5 gxf5 28. Rg1+ Rg7 29.
Rxg7+ Kxg7 30. Rg1+ Kh8 31. Qxe4 Qxe4 32. Bf6# 1-0

[Event "Early-Titled-Tuesday-Blitz-May-14-2024"]
[Site "Chess.com"]
[Date "2024.05.14"]
[Round "2"]
[White "zozik"]
[Black "Lovetov"]
[Result "0-1"]
[WhiteElo "2321"]
[BlackElo "2547"]
[TimeControl "180+1"]
[EndTime "8:16:17 PDT"]
[Termination "Lovetov won by resignation"]

1. d4 Nf6 2. Nf3 d5 3. g3 Bf5 4.
Bg2 c6 5. O-O Nbd7 6. c4 e6 7.
Nc3 Ne4 8. Nd2 Nxd2 9. Bxd2 dxc4 10. e4 Bg6 11. Qe2 Nb6 12. Be3 Be7 13. a4 a5 14. f4 f5 15. d5 cxd5 16. Qf2 Ra6 17.
Bxb6 Qxb6 18. Qxb6 Rxb6 19. exd5 exd5 20. Nxd5 Bc5+ 21.
Kh1 Rxb2 22. Rfe1+ Kf7 23. Rac1 Re8 24. Rxe8 Kxe8 25. Bf1 Bh5 26. Bg2 Bf7 27. h4 Rxg2 28. Kxg2 Bxd5+ 29. Kf1 0-1